AoeStats
← Kaiser Ze

Nomad

509570512Analyzed
4v4 RM · 4d ago on Sep 27, 2026· 24m 57s· 8 players
Game mode
Random Map
Map size
231×231
Population
200
Speed
Normal
Resources
Standard
Victory
Conquest
Starting age
Dark Age
Ending age
Imperial Age
RankedLock teamsTeams togetherTeam positionsShared explorationLock speedFull tech treeHidden civsTurbo modeCheats
Victory
Defeat
🇨🇳 Franks · China
1436
+9
🇨🇳 Dravidians · China
1432
+9
1377
+11
🇨🇳 Jurchens · China
1351
+12
🇬🇧 Japanese · United Kingdom
1319
-12
🇨🇳 Varangians · China
1299
-11
🇭🇰 Aztecs · Hong Kong SAR China
1263
-10
🇨🇳 Saracens · China
1199
-8
斩三江过五湖
3:26 Loom
14:37 Feudal Age
19:06 Castle Age
17:08 Double-Bit Axe
17:53 Horse Collar
Soul Ledger
6:13 Loom
14:06 Feudal Age
16:24 Double-Bit Axe
18:44 Castle Age
18:09 Fishing Lines
21:34 Medium Warships
21:55 Clinker Construction
22:16 Gillnets
23:23 Pikeman
24:03 Squires
23:49 Arson
24:47 Ballistics
wuyu
3:29 Loom
16:05 Feudal Age
23:14 Castle Age
动车的车头
10:22 Loom
12:29 Feudal Age
13:28 Double-Bit Axe
15:32 Fishing Lines
18:56 Castle Age
18:10 Stone Mining
18:48 Gold Mining
19:32 Fletching
21:08 Bow Saw
20:40 Horse Collar
21:25 Bodkin Arrow
21:43 Heavy Plow
22:34 Padded Archer Armor
23:16 Scale Mail Armor
你可以打我队友吗
8:18 Loom
13:14 Feudal Age
14:33 Fishing Lines
17:03 Castle Age
14:54 Double-Bit Axe
15:56 Scale Barding Armor
16:31 Gold Mining
16:56 Forging
17:37 Bloodlines
18:04 Bow Saw
19:10 Chain Barding Armor
23:54 Horse Collar
25:00 Wheelbarrow
乌合之众
4:55 Loom
12:52 Feudal Age
13:05 Man-at-Arms
24:16 Castle Age
23:28 Double-Bit Axe
24:01 Fletching
25:25 Bodkin Arrow
老菜套
4:36 Loom
15:17 Feudal Age
15:46 Town Watch
19:42 Castle Age
17:58 Fletching
18:18 Double-Bit Axe
18:14 Horse Collar
19:15 Stone Mining
23:20 Wheelbarrow
23:44 Bow Saw
23:28 Gold Mining
Kaiser Ze
5:25 Loom
13:39 Feudal Age
14:44 Double-Bit Axe
14:51 Gold Mining
15:29 Fishing Lines
18:28 Castle Age
16:20 Fletching
19:22 Medium Warships
19:55 Bow Saw
20:20 Wheelbarrow
22:28 Bodkin Arrow
24:56 Gillnets
Connection lost

Rejoining the realm…

Still unreachable

The connection could not be restored.

Session expired

The server has moved on; the page needs a fresh start.